 Dungeon Crawl Stone Soup version 0.28-a0-823-gb444dcf96d (webtiles) character file.

Game seed: 3096430701014994580

58 Crownlay the Chopper (level 4, -1/39 HPs)
             Began as a Hill Orc Fighter on Nov 9, 2021.
             Slain by Natasha (5 damage)
             ... on level 2 of the Dungeon.
             The game lasted 00:01:48 (1790 turns).

Crownlay the Chopper (Hill Orc Fighter)             Turns: 1790, Time: 00:01:49

Health: -1/39      AC:  6    Str: 19    XL:     4   Next: 2%
Magic:  4/4        EV:  9    Int:  8    God:
Gold:   41         SH:  4    Dex: 10    Spells: 3/3 levels left

rFire   + . .      SeeInvis .   a - +0 war axe
rCold   . . .      Faith    .   c - +0 buckler
rNeg    + . .      Spirit   .   b - +0 scale mail
rPois   .          Reflect  .   (no helmet)
rElec   .          Harm     .   (no cloak)
rCorr   .          Rampage  .   (no gloves)
Will    .....                   (no boots)
Stlth   ..........              (no amulet)
HPRegen 0.13/turn               n - ring of positive energy
MPRegen 0.09/turn               r - ring of protection from fire

@: slowed, very slow
A: no striking features
a: no special abilities


You were on level 2 of the Dungeon.
You visited 1 branch of the dungeon, and saw 2 of its levels.

You collected 41 gold pieces.

Inventory:

Hand Weapons
 a - a +0 war axe (weapon)
Missiles
 o - 2 throwing nets (quivered)
Armour
 b - a +0 scale mail (worn)
 c - a +0 buckler (worn)
Jewellery
 n - a ring of positive energy (left hand)
 r - a ring of protection from fire (right hand)
Scrolls
 e - 2 scrolls of identify {unknown}
 f - a scroll of enchant armour {unknown}
 g - a scroll of immolation {unknown}
 h - a scroll of fear {unknown}
 i - a scroll of noise {unknown}
 j - a scroll of fog {unknown}
 q - a scroll of teleportation {unknown}
Potions
 d - a potion of might
 k - a potion of degeneration {unknown}
 l - a potion of brilliance {unknown}
 m - a potion of curing {unknown}
 p - a potion of flight {unknown}


   Skills:
 - Level 3.6 Fighting
 * Level 4.9 Axes
 - Level 3.2 Armour
 - Level 4.0 Shields


You had 3 spell levels left.
You didn't know any spells.
Your spell library was empty.

Dungeon Overview and Level Annotations

Branches:
Dungeon (2/15)

Altars:

Shops:
D:1 *

Annotations:
D:2 Natasha


Message History

Natasha is lightly wounded.
Natasha claws you.
You closely miss Natasha.
Natasha is lightly wounded.
Natasha wildly gestures.
Natasha glows brightly for a moment.
Natasha claws you but does no damage. Natasha claws you.
* * * LOW HITPOINT WARNING * * *
You barely miss Natasha.
Natasha is lightly wounded.
Natasha hisses.
Natasha claws you.
* * * LOW HITPOINT WARNING * * *
You closely miss Natasha.
Natasha is lightly wounded.
Natasha stares at you and mumbles some strange words.
You resist with some effort.
You hit Natasha.
Natasha is heavily wounded.
Natasha misses you.
You hit Natasha.
Natasha is severely wounded.
Natasha claws you.
* * * LOW HITPOINT WARNING * * *
Natasha claws you but does no damage.
You miss Natasha.
Natasha is severely wounded.
Natasha howls an incantation.
Natasha shimmers violently.
Natasha stares at you and mumbles some strange words.
You feel yourself slow down.
You closely miss Natasha.
Natasha is severely wounded.
You block Natasha's attack. Natasha barely misses you.
You hit Natasha but do no damage.
Natasha is severely wounded.
Natasha mumbles some strange words.
Natasha's front paws start to glow.
Natasha claws you.
You die...

#..............###### #.#
#...................# #.#
#######........####.#####.#
#...(....# #.......####
#.###.#..##########.....
#..##.#..........(..####
#..##.#>#########...#
#..##.#.# #.....#.#
#..##.#@#####.....#.####
#..##.#h#............>..
#.................######
##.##.....###.....#
#.######.# #>#.#.# #.# #.#
#...#.# #.# ##.#######.#
#.# #..........## #.#
#...........#


You could see Natasha.

Vanquished Creatures
  Natasha (D:2)
  2 dart slugs (D:1)
  2 ball pythons (D:1)
  An endoplasm (D:1)
  4 giant cockroaches (D:1)
  6 goblins (D:1)
  A hobgoblin (D:2)
  2 quokkas (D:1)
  2 bats
  A frilled lizard (D:2)
  A kobold (D:1)
  4 rats
27 creatures vanquished.

Notes
Turn   | Place    | Note
-------+----------+-------------------------------------------
     0 | D:1      | Crownlay the Hill Orc Fighter began the quest for the Orb.
     0 | D:1      | Reached XP level 1. HP: 19/19 MP: 1/1
    92 | D:1      | Reached XP level 2. HP: 22/26 MP: 2/2
   424 | D:1      | Found Guwuynti's Assorted Antiques.
   577 | D:1      | Reached XP level 3. HP: 28/31 MP: 3/3
  1703 | D:2      | Noticed Natasha
  1711 | D:2      | Killed Natasha
  1712 | D:2      | Reached XP level 4. HP: 35/39 MP: 4/4
  1774 | D:2      | Noticed Natasha
  1790 | D:2      | Slain by Natasha

Illustrated notes

Levels and vault maps discovered:
D:1:      matt_arrival_spirals, layout_basic, serial_shops,
          nicolae_shop_statue_plus, kennysheep_decorative_pillar
D:2:      layout_loops_ring, corner_web_ring, uniq_natasha

Skill      XL: |  1  2  3 |
---------------+----------+-----
Axes           | 3 4 |  4.9
Shields        | 4 |  4.0
Fighting       | |  3.6
Armour         | |  3.2

Action                   |  1- 3 |  4- 6 || total
-------------------------+-------+-------++-------
Melee: War axe           |    89 |    15 ||   104
Armor: Scale mail        |    55 |     2 ||    57
Dodge: Dodged            |    41 |     5 ||    46
Block: Buckler           |    22 |     2 ||    24

Table legend: (Time is in decaauts)
 A = Elapsed time spent in this place.
 B = Non-inter-level travel time spent in this place.
 C = Inter-level travel time spent in this place.
 D = Time resting spent in this place.
 E = Time spent auto-exploring this place.
 F = Levels seen in this place.
 G = Mean time per level.
                   A        B        C        D        E       F      G
               +--------+--------+--------+--------+--------+-----+--------+
         Total |   1821 |   1758 |     63 |      0 |   1514 |   2 |  910.5 |
       Dungeon |   1821 |   1758 |     63 |      0 |   1514 |   2 |  910.5 |
               +--------+--------+--------+--------+--------+-----+--------+

Top non-repeatable levels by time:
     D:1: 1202 daAuts
     D:2: 618 daAuts
